 Dungeon Crawl Stone Soup version 0.23-b1-70-gd12f7cf (webtiles) character file.

Game seed: 3188746058707580618

44 Folque the Magician (level 3, -1/24 HPs)
             Began as an Octopode Wizard on Feb 6, 2019.
             Slain by an adder (3 damage)
             ... on level 2 of the Dungeon.
             The game lasted 00:03:44 (1232 turns).

Folque the Magician (Octopode Wizard)               Turns: 1232, Time: 00:03:45

Health: -1/24      AC:  1    Str:  6    XL:     3   Next: 62%
Magic:  2/7        EV: 13    Int: 21    God:
Gold:   11         SH:  0    Dex: 10    Spells: 0/8 levels left

rFire    . . .     SeeInvis .   f - +0 dagger
rCold    . . .     Gourm    .   (no shield)
rNeg     . . .     Faith    .   a - +0 hat
rPois    .         Spirit   .   (no amulet)
rElec    .         Reflect  .   (no ring)
rCorr    .         Harm     .   (no ring)
MR       .....                  (no ring)
Stlth    +++.......             (no ring)
HPRegen  0.08/turn              (no ring)
MPRegen  0.10/turn              (no ring)
                                (no ring)
                                (no ring)

@: very slightly contaminated
A: almost no armour, stealthy swim, amphibious, 8 rings, constrict 8, camouflage
1, gelatinous body 1
a: no special abilities


You were on level 2 of the Dungeon.
You were not hungry.

You visited 1 branch of the dungeon, and saw 2 of its levels.

You collected 11 gold pieces.

Inventory:

Hand Weapons
 f - a +0 dagger (weapon)
 j - a +0 hunting sling
Armour
 a - a +0 hat (worn)
Jewellery
 i - an uncursed ring of poison resistance {unknown}
Scrolls
 b - a scroll of fog
 d - a scroll of magic mapping {unknown}
 e - a scroll of identify {unknown}
 h - a scroll of teleportation {unknown}
Comestibles
 c - a ration
 g - 2 chunks of flesh


   Skills:
 - Level 2.0 Fighting
 - Level 2.0 Dodging
 - Level 3.0 Stealth
 + Level 3.4 Spellcasting
 - Level 1.0 Conjurations
 - Level 1.0 Summonings
 - Level 1.0 Translocations
 + Level 0.0 Air Magic
 * Level 1.2 Poison Magic


You couldn't memorise any spells.
You knew the following spells:

 Your Spells              Type           Power        Failure   Level  Hunger
a - Magic Dart            Conj           #...         9%          1    None
b - Call Imp              Summ           #.......     13%         2    ##.....
c - Blink                 Tloc           N/A          13%         2    ##.....
d - Mephitic Cloud        Conj/Pois/Air  #.......     28%         3    ###....

Your spell library contained the following spells:

 Spells                   Type           Power        Failure   Level  Hunger
 Slow                     Hex            #.......     19%         2    ##.....
 Conjure Flame            Conj/Fire      #.......     30%         3    ###....


Dungeon Overview and Level Annotations

Branches:
Dungeon (2/15)

Altars:


Innate Abilities, Weirdness & Mutations

You cannot wear most types of armour.
You are very stealthy in the water. (Stealth+)
You are amphibious.
You can wear up to eight rings at the same time.
You can use your tentacles to constrict eight enemies at once.
Your skin changes colour to match your surroundings (Stealth+).
Your rubbery body absorbs attacks. (AC +1, EV +1)


Message History

The jackal bites you.
* * * LOW HITPOINT WARNING * * *
The goblin is engulfed in noxious fumes.
The goblin appears confused.
You kill the goblin!
The jackal barely misses you.
Casting: Mephitic Cloud (safe; 28% risk of failure)
Confirm with . or Enter, or press ? or * to list all spells.
You don't have enough magic to cast that spell.
The jackal bites you.
* * * LOW HITPOINT WARNING * * *
The jackal misses you. The jackal closely misses you.
You aren't carrying any potions.
As you read the scroll labeled SIUCZAORACH, it crumbles to dust.
The scroll dissolves into smoke.
It was a scroll of fog.
The jackal closely misses you. The jackal misses you.
The adder barely misses you. The jackal misses you. The adder bites you.
You die...

#......# #......#
.# #......# ...#
#######....#†##...#
#..........#.h#...#
+..........#÷.#...#
#§§§.s)#####..#...#
#§§S§..# ##......#
#.@hh§.# #.÷.....#
######## ####....#
#########...#
............#
#########.>.#
########..#.#
.............
########.....
##.###


You could see an adder, 2 jackals and a giant cockroach.

Vanquished Creatures
  An adder (D:2)
  A dart slug (D:1)
  A leopard gecko (D:1)
  2 ball pythons
  4 bats
  2 giant cockroaches (D:2)
  3 goblins
  2 hobgoblins (D:1)
  A jackal (D:2)
  7 kobolds (D:1)
  6 frilled lizards
  2 rats
32 creatures vanquished.

Vanquished Creatures (collateral kills)
  A hobgoblin (D:1)
  A rat (D:2)
2 creatures vanquished.

Grand Total: 34 creatures vanquished

Notes
Turn   | Place    | Note
-------+----------+-------------------------------------------
     0 | D:1      | Folque the Octopode Wizard began the quest for the Orb.
     0 | D:1      | Reached XP level 1. HP: 11/11 MP: 4/4
   132 | D:1      | Reached skill level 1 in Fighting
   181 | D:1      | Reached XP level 2. HP: 12/18 MP: 6/6
   516 | D:1      | Learned a level 2 spell: Call Imp
   519 | D:1      | Learned a level 2 spell: Blink
   585 | D:1      | Reached XP level 3. HP: 19/24 MP: 7/7
   590 | D:1      | Learned a level 3 spell: Mephitic Cloud
  1193 | D:2      | Reached skill level 1 in Poison Magic
  1232 | D:2      | Slain by an adder

Skill      XL: |  1  2  3 |
---------------+----------+-----
Fighting       | 1 2 |  2.0
Stealth        | 3 |  3.0
Poison Magic   | 1 |  1.2
Dodging        | |  2.0
Spellcasting   | |  3.4
Conjurations   | |  1.0
Summonings     | |  1.0
Translocations | |  1.0

Action                   || total
-------------------------++-------
Melee: Unarmed           ||    38
       Constrict         ||    16
       Tentacles         ||     9
       Dagger            ||    62
 Cast: Call Imp          ||     6
       Mephitic Cloud    ||     1
  Use: Scroll            ||     1
 Stab: Sleeping          ||    12
  Eat: Chunk             ||     1
Armor: Skin              ||    11
Dodge: Dodged            ||    78
